 Dungeon Crawl Stone Soup version 0.29.1-13-g9f3cf754e1 (webtiles) character file.

Game seed: 17210798144628262006

63 sneakypete the Cutter (level 3, 0/27 HPs)
             Began as a Vampire Gladiator on Jan 19, 2023.
             Was an Initiate of Gozag.
             Slain by a gnoll
             ... wielding a +0 whip
              (3 damage)
             ... on level 3 of the Dungeon.
             The game lasted 00:11:05 (1706 turns).

sneakypete the Cutter (Vampire Gladiator)           Turns: 1706, Time: 00:11:08

Health: 0/27       AC: 10    Str: 15    XL:     3   Next: 89%
Magic:  3/3        EV:  8    Int: 10    God:    Gozag
Gold:   251        SH:  0    Dex: 27    Spells: 2/2 levels left

rFire   . . .      SeeInvis +   a - +0 rapier
rCold   . . .      Faith    .   (no shield)
rNeg    . . .      Spirit   .   p - +0 chain mail
rPois   .          Reflect  .   c - +0 helmet
rElec   .          Harm     .   (no cloak)
rCorr   .          Rampage  .   r - +0 pair of gloves
Will    .....                   (no boots)
Stlth   ..........              (no amulet)
HPRegen 0.29/turn               f - +6 ring of dexterity
MPRegen 0.08/turn               g - +6 ring of dexterity

@: gold aura, healing quickly
A: alive, fangs 3, see invisible, vampiric 2
a: Exsanguinate, Renounce Religion, Potion Petition, Call Merchant, Bribe Branch


You were on level 3 of the Dungeon.
You worshipped Gozag.
Gozag was aware of your devotion.
You visited 1 branch of the dungeon, and saw 3 of its levels.

You collected 251 gold pieces.

Inventory:

Hand Weapons
 a - a +0 rapier (weapon)
Missiles
 d - 3 throwing nets (quivered)
 e - a javelin
Armour
 c - a +0 helmet (worn)
 p - a +0 chain mail (worn)
 r - a +0 pair of gloves (worn)
Jewellery
 b - a +6 ring of dexterity
 f - a +6 ring of dexterity (left hand)
 g - a +6 ring of dexterity (right hand)
 j - a ring of fire
 u - a ring of see invisible
Scrolls
 i - 2 scrolls of vulnerability {unknown}
 k - 3 scrolls of identify {unknown}
 q - 2 scrolls of teleportation {unknown}
 s - a scroll of poison {unknown}
Potions
 h - a potion of curing {unknown}
 l - a potion of lignification {unknown}
 m - a potion of brilliance {unknown}
 n - a potion of flight {unknown}
 o - 2 potions of attraction {unknown}
 t - a potion of heal wounds {unknown}
 v - 2 potions of berserk rage {unknown}


   Skills:
 + Level 2.2 Fighting
 + Level 4.0 Short Blades
 + Level 1.9 Throwing
 + Level 1.0 Armour
 + Level 3.8 Dodging
 + Level 0.2 Stealth


You had 2 spell levels left.
You didn't know any spells.
Your spell library contained the following spells:

 Spells                   Type           Power      Damage    Failure   Level
 Sting                    Tmut/Pois      0%         1d3       100%        1


Dungeon Overview and Level Annotations

Branches:
Dungeon (3/15)

Altars:
Gozag


Innate Abilities, Weirdness & Mutations

Your natural rate of healing is accelerated.
You have razor-sharp teeth.
You have supernaturally acute eyesight. (SInv)
You are afflicted with vampirism and can become a bat while bloodless.


Message History

Found 9 gold pieces.
Found 6 stones.
Found 13 gold pieces.
Found a stone staircase leading up and a stone staircase leading down. 3 gnolls come into view.
Found an escape hatch in the floor.
The gnoll shouts! x2
The gnoll moves out of view.
Found a scroll labelled REXZYJIFOS and 10 gold pieces.
The gnoll closely misses you.
Found 7 gold pieces.
You see here 9 gold pieces.
The gnoll hits you with a +0 spear.
You puncture the gnoll!
The gnoll is severely wounded.
The gnoll hits you but does no damage.
The gnoll hits you from afar with a +0 halberd.
You completely miss the gnoll. You bite the gnoll.
The gnoll is severely wounded.
The gnoll barely misses you.
The gnoll hits you from afar with a +0 halberd!
You hit the gnoll but do no damage. Your bite misses the gnoll.
The gnoll is severely wounded.
The gnoll hits you but does no damage.
The gnoll hits you from afar with a +0 halberd.
You hit the gnoll.
You kill the gnoll!
The gnoll hits you from afar with a +0 halberd.
* * * LOW HITPOINT WARNING * * *
The gnoll hits you with a +0 whip.
* * * LOW HITPOINT WARNING * * *
Your Short Blades skill increases to level 4!
Your Armour skill increases to level 1!
The gnoll barely misses you. The gnoll completely misses you.
You begin bloodletting.
You continue bloodletting.
The gnoll barely misses you. The gnoll hits you with a +0 whip.
Keep bloodletting?
You stop emptying yourself of blood.
You die...
Your body crumbles into a pile of gold.

#.....#..#
#.######.# .
###.######.## ..
##...........#
.$.##....#########
.........#
.#.....#.##
..........#
.......$@$# $
.......^g.g..#
..........##.#
...(........ >.
............. ..
.>......<...?...
...............
$.........$.... $
$


You could see 2 gnolls.

Vanquished Creatures
  A gnoll (D:3)
  An adder (D:3)
  2 dart slugs
  5 bats
  3 endoplasms (D:2)
  5 hobgoblins
  2 jackals (D:1)
  5 kobolds
  A quokka (D:2)
  4 ball pythons
  2 frilled lizards
  5 goblins
  2 rats
38 creatures vanquished.

Vanquished Creatures (others)
  A fungus (D:1)
  15 plants (D:1)
16 creatures vanquished.

Grand Total: 54 creatures vanquished

Notes
Turn   | Place    | Note
-------+----------+-------------------------------------------
     0 | D:1      | sneakypete the Vampire Gladiator began the quest for the
                  | Orb.
     0 | D:1      | Reached XP level 1. HP: 16/16 MP: 1/1
   237 | D:1      | Reached XP level 2. HP: 22/22 MP: 2/2
   786 | D:1      | Found a faded altar of an unknown god.
   798 | D:1      | Got Plato's Spellbook of Shapes
   803 | D:1      | Prayed at the altar of an unknown god.
   803 | D:1      | Became a worshipper of Gozag Ym Sagoz the Greedy
  1147 | D:2      | Gained mutation: You are afflicted with vampirism and can
                  | become a bat while bloodless. [Vampire growth]
  1147 | D:2      | Reached XP level 3. HP: 24/27 MP: 3/3
  1705 | D:3      | Reached skill level 4 in Short Blades
  1705 | D:3      | Reached skill level 1 in Armour
  1706 | D:3      | Slain by a gnoll

Illustrated notes

Levels and vault maps discovered:
D:1:      roderic_crop_circles_arrival_small, layout_basic,
          shapermc_ecumenical_altar_rom_forum
D:2:      layout_rooms
D:3:      layout_rooms, gammafunk_temple_overflow_statue, uniq_natasha,
          uniq_terence

Skill      XL: |  1  2  3 |
---------------+----------+-----
Fighting       | 2 |  2.2
Short Blades   | 4 |  4.0
Armour         | 1 |  1.0
Throwing       | |  1.9
Dodging        | |  3.8
Stealth        | |  0.2

Action                   || total
-------------------------++-------
Melee: Rapier            ||   113
       Bite              ||    10
       Punch             ||     1
 Abil: Exsanguinate      ||     1
 Stab: Sleeping          ||     1
Armor: Leather armour    ||    32
       Chain mail        ||    27
Dodge: Dodged            ||    83
